 Dungeon Crawl Stone Soup version 0.23-a0-79-gaa8cc03 (webtiles) character file.

33 Wesco the Grave Robber (level 3, 0/24 HPs)
             Began as a Human Necromancer on Aug 11, 2018.
             Slain by a goblin
             ... wielding a cursed -1 club
             ... led by Robin
              (3 damage)
             ... on level 2 of the Dungeon.
             The game lasted 00:22:03 (1412 turns).

Wesco the Grave Robber (Human Necromancer)          Turns: 1412, Time: 00:22:04

Health: 0/24       AC:  2    Str:  8    XL:     3   Next: 47%
Magic:  2/6        EV: 12    Int: 16    God:
Gold:   29         SH:  0    Dex: 13    Spells: 2/7 levels left

rFire    . . .     SeeInvis .   i - +1 spear (distort)
rCold    . . .     Gourm    .   (no shield)
rNeg     . . .     Faith    .   b - +0 robe
rPois    .         Spirit   .   (no helmet)
rElec    .         Reflect  .   (no cloak)
rCorr    .         Harm     .   (no gloves)
MR       .....                  (no boots)
Stlth    ++........             (no amulet)
HPRegen  0.08/turn              (no ring)
MPRegen  0.10/turn              (no ring)

@: no status effects
A: no striking features
a: no special abilities


You were on level 2 of the Dungeon.
You were not hungry.

You visited 1 branch of the dungeon, and saw 3 of its levels.

You collected 29 gold pieces.

Inventory:

Hand Weapons
 d - a +0 dagger of speed
 i - a +1 spear of distortion (weapon)
Missiles
 e - 4 stones
 f - 12 poisoned needles (quivered)
Armour
 a - a +0 robe
 b - a +0 robe (worn)
 h - a +0 buckler
 j - a +0 robe
Comestibles
 c - a ration


   Skills:
 + Level 0.1 Fighting
 + Level 2.2 Dodging
 + Level 2.0 Stealth
 + Level 0.2 Unarmed Combat
 + Level 2.5 Spellcasting
 + Level 4.5 Necromancy


You had 2 spell levels left.
You knew the following spells:

 Your Spells              Type           Power        Failure   Level  Hunger
a - Pain                  Necr           ###.         3%          1    #......
b - Animate Skeleton      Necr           N/A          3%          1    #......
c - Vampiric Draining     Necr           ###.......   10%         3    ###....

Your spell library contained the following spells:

 Spells                   Type           Power        Failure   Level  Hunger
 Animate Dead             Necr           N/A          30%         4    #####..
 Regeneration             Chrm/Necr      #.........   24%         3    ###....


Dungeon Overview and Level Annotations

Branches:
Dungeon (3/15)

Altars:

Annotations:
D:2 Robin


Message History

Aiming: Pain (safe; 3% risk of failure)
Press: ? - help, Shift-Dir - straight line, f - hobgoblin
Aim: a hobgoblin, wielding a club (unusually strong, chance to defeat MR: 87%)
The hobgoblin writhes in agony!
The hobgoblin hits you with a club! Robin throws the goblin at you!
The goblin closely misses you.
The hobgoblin hits you but does no damage.
Casting: Pain (safe; 3% risk of failure)
Confirm with . or Enter, or press ? or * to list all spells.
Aiming: Vampiric Draining (safe; 10% risk of failure)
Press: ? - help, Shift-Dir - straight line, f/p - hobgoblin
Aim: a hobgoblin, wielding a club (moderately wounded, unusually strong)
You kill the hobgoblin!
You feel life coursing into your body. The hobgoblin hits you!
The goblin hits you but does no damage. The hobgoblin misses you.
Robin throws the goblin at you!
* * * LOW HITPOINT WARNING * * *
The goblin hits you with a dagger.
* * * LOW HITPOINT WARNING * * *
The hobgoblin misses you. The goblin hits you with a club.
You die...

#....##.# #.#...#
#.##.##.# #.#...# #
#.##.##.# #.##.##.#
###.......# #.......#
..####.#### ####.####
#.####.# #...#####
.<.....#########.##......
#########......ggg....##.
#.###.#)@##.#.# #.#
#.#.gg..#.#
######.###.#.....# # ≈
##..##......#g##g.#.#
≈##......##.#.......#.#
≈≈#...##.##.#.#.......#
≈≈≈≈.....##.#.##.....##
≈≈≈≈≈....##.#.##g....#
≈≈≈≈≈.......#g##.g...#


You could see Robin, 2 hobgoblins and 4 goblins.

Vanquished Creatures
  A dart slug (D:1)
  2 leopard geckos
  A giant cockroach (D:2)
  4 goblins
  4 hobgoblins
  3 jackals (D:2)
  A ball python (D:1)
  6 frilled lizards
  4 kobolds
  A rat (D:1)
27 creatures vanquished.

Vanquished Creatures (collateral kills)
  A goblin (D:1)
  A rat (D:1)
2 creatures vanquished.

Grand Total: 29 creatures vanquished

Notes
Turn   | Place    | Note
-------+----------+-------------------------------------------
     0 | D:1      | Wesco the Human Necromancer began the quest for the Orb.
     0 | D:1      | Reached XP level 1. HP: 13/13 MP: 3/3
     2 | D:1      | Learned a level 1 spell: Animate Skeleton
   207 | D:1      | Reached XP level 2. HP: 19/19 MP: 1/5
  1024 | D:2      | Reached XP level 3. HP: 23/24 MP: 3/6
  1079 | D:2      | Learned a level 3 spell: Vampiric Draining
  1122 | D:2      | Noticed Robin
  1412 | D:2      | Slain by a goblin

Vault maps used:
D:1:      nagdon_arrival_zigzag_paths
D:2:      lemuel_doored_altar, chequers_ecumenical_altar_simple_redux,
          minmay_misc_feat_room, kennysheep_path_1, chequers_big_river,
          uniq_robin
D:3:      zin_treasury, kennysheep_doodads, minmay_misc_feat_square,
          trog_butcher_becter

Action                   || total
-------------------------++-------
Melee: Unarmed           ||    12
       Dagger            ||    10
       Spear             ||    11
 Cast: Pain              ||    31
       Animate Skeleton  ||    12
       Vampiric Draining ||     2
  Use: Potion            ||     4
  Eat: Chunk             ||     2
Armor: Robe              ||     6
Dodge: Dodged            ||    23

Table legend:
 A = Non-vault XP
 B = Vault XP
 C = Vault XP percentage of total XP
 D = Non-vault monster count
 E = Vault monster count
 F = Vault count percentage of total count
 G = Total turns spent on level
                 A         B        C        D         E       F
            +---------+---------+-------+---------+---------+-------
      Total |      40 |       8 |  16.7 |      25 |       4 |  13.8
            +---------+---------+-------+---------+---------+-------
        D:1 |      22 |       0 |   0.0 |      16 |       0 |   0.0
        D:2 |      15 |       6 |  28.6 |       8 |       3 |  27.3
        D:3 |       3 |       2 |  40.0 |       1 |       1 |  50.0
            +---------+---------+-------+---------+---------+-------
